 Dungeon Crawl Stone Soup version 0.27-a0-681-g0c81a3c1c3 (webtiles) character file.

Game seed: 2356644040949901314

16 Lanoc the Skirmisher (level 2, -3/20 HPs)
             Began as a Halfling Abyssal Knight on Mar 19, 2021.
             Was an Initiate of Lugonu.
             Killed by nerve-wracking pain
             ... invoked by Jessica
              (11 damage)
             ... on level 2 of the Dungeon.
             The game lasted 00:01:00 (412 turns).

Lanoc the Skirmisher (Halfling Abyssal Knight)       Turns: 412, Time: 00:01:01

Health: -3/20      AC:  3    Str: 13    XL:     2   Next: 70%
Magic:  3/3        EV: 13    Int: 10    God:    Lugonu [......]
Gold:   17         SH:  0    Dex: 13    Spells: 1/1 levels left

rFire    . . .     SeeInvis .   a - +1 short sword
rCold    . . .     Faith    .   (shield restricted)
rNeg     . . .     Spirit   .   b - +0 leather armour
rPois    .         Reflect  .   (no helmet)
rElec    .         Harm     .   (no cloak)
rCorr    .         Rampage  .   (no gloves)
Will     .....                  (no boots)
Stlth    +.........             (no amulet)
HPRegen  0.06/turn              d - ring of flight
MPRegen  0.08/turn              (no ring)

@: no status effects
A: small, no large weapons, mutation resistance 1
a: Renounce Religion, Evoke Flight


You were on level 2 of the Dungeon.
You worshipped Lugonu.
Lugonu was noncommittal.
You visited 1 branch of the dungeon, and saw 3 of its levels.
You visited the Abyss 1 time.

You collected 17 gold pieces.

Inventory:

Hand Weapons
 a - a +1 short sword (weapon)
Armour
 b - a +0 leather armour (worn)
Jewellery
 d - a ring of flight (right hand)
Potions
 c - a potion of curing {unknown}
 e - a potion of lignification {unknown}


   Skills:
 + Level 2.9 Fighting
 - Level 2.4 Short Blades
 + Level 2.5 Armour
 + Level 1.6 Dodging
 + Level 2.3 Invocations


You had one spell level left.
You didn't know any spells.
Your spell library was empty.

Dungeon Overview and Level Annotations

Branches:
Dungeon (3/15)

Altars:

Annotations:
D:2 Jessica


Innate Abilities, Weirdness & Mutations

You are small and have problems with some larger weapons.
You are somewhat resistant to further mutation.


Message History

Jessica points at you and mumbles some strange words.
Pain shoots through your body!
The leopard gecko bites you but does no damage.
Jessica gestures wildly while chanting.
Jessica blinks!
Jessica mumbles some strange words.
Jessica blinks!
The leopard gecko hisses menacingly.
There is an escape hatch in the floor here.
You barely miss the leopard gecko. The leopard gecko misses you. x2
You barely miss the leopard gecko.
The leopard gecko bites you but does no damage.
You hit the leopard gecko.
You kill the leopard gecko!
Lugonu accepts your kill.
You hit Jessica.
Jessica is almost dead.
Jessica misses you.
You closely miss Jessica.
Jessica is almost dead.
Jessica points at you and mumbles some strange words.
Pain shoots through your body!
You barely miss Jessica.
Jessica is severely wounded.
Jessica mumbles some strange words.
Jessica seems to speed up.
You hit Jessica but do no damage.
Jessica is severely wounded.
Jessica gestures wildly while chanting.
Jessica blinks!
You closely miss the frilled lizard.
Jessica gestures wildly while chanting.
Jessica blinks!
The frilled lizard bites you.
You hit the frilled lizard.
You kill the frilled lizard!
Lugonu accepts your kill.
Jessica points at you and mumbles some strange words.
Pain shoots through your body!
Ouch! That really hurt!
You die...

######## ####......
############......§##
#.....†.............#
#.######............#
#.######.###.#@.>.#.#
.........#
#.....##..@
########## ###.#§#
..l.. #.#@# #.####
#.#.# l# #.#.# .#
..... .. #.### #.#
#.#


You could see Jessica (fast).

Vanquished Creatures
  A gnoll (D:1)
  2 leopard geckos (D:2)
  A hobgoblin (D:1)
  A frilled lizard (D:2)
  A rat (D:1)
6 creatures vanquished.

Notes
Turn   | Place    | Note
-------+----------+-------------------------------------------
     0 | Abyss:1  | Lanoc the Halfling Abyssal Knight began the quest for the
                  | Orb.
     0 | Abyss:1  | Reached XP level 1. HP: 15/15 MP: 2/2
    45 | Abyss:1  | Noticed a wight
    54 | Abyss:1  | Noticed a small abomination
    62 | D:1      | Escaped the Abyss
   152 | D:1      | Reached XP level 2. HP: 12/20 MP: 3/3
   388 | D:2      | Noticed Jessica
   412 | D:2      | Killed from afar by Jessica

Illustrated notes

Levels and vault maps discovered:
D:1:      dpeg_arrival_brainrot, layout_rooms, minmay_close_crescents
D:2:      layout_loops_ring, uniq_crazy_yiuf_cottage, uniq_sigmund, uniq_jessica
D:3:      layout_basic, grunt_gozag_statues

Action                   || total
-------------------------++-------
Melee: Short sword       ||    26
Invok: Depart the Abyss  ||     1
Armor: Leather armour    ||     5
Dodge: Dodged            ||    13

Table legend: (Time is in decaauts)
 A = Elapsed time spent in this place.
 B = Non-inter-level travel time spent in this place.
 C = Inter-level travel time spent in this place.
 D = Time resting spent in this place.
 E = Time spent auto-exploring this place.
 F = Levels seen in this place.
 G = Mean time per level.
                   A        B        C        D        E       F      G
               +--------+--------+--------+--------+--------+-----+--------+
         Total |    411 |    394 |     17 |      0 |    320 |   4 |  102.8 |
       Dungeon |    349 |    332 |     17 |      0 |    276 |   3 |  116.3 |
         Abyss |     62 |     62 |      0 |      0 |     44 |   1 |   62.0 |
               +--------+--------+--------+--------+--------+-----+--------+

Top non-repeatable levels by time:
     D:1: 246 daAuts
     D:2: 101 daAuts
 Abyss:1: 62 daAuts
     D:3: 1 daAuts
